 Dungeon Crawl Stone Soup version 0.17-a0-764-gd40c196 (webtiles) character file.

3156 RobertPalmer the Martial Artist (level 9, -2/63 HPs)
             Began as a Demonspawn Chaos Knight on Apr 23, 2015.
             Slain by an orc
             ... wielding a +0 trident
              (11 damage)
             ... in a bailey.
             The game lasted 00:27:46 (11375 turns).

RobertPalmer the Martial Artist (DsCK)             Turns: 11375, Time: 00:27:47

Health: -2/63      AC: 11    Str: 18    XL:     9   Next: 62%
Magic:  9/9        EV:  7    Int: 16    God:    Xom [....*.]
Gold:   65         SH:  0    Dex: 13    Spells: 1 memorised, 2 levels left

rFire  . . .     SeeInvis .       - Unarmed
rCold  . . .     Clarity  +     a - +2 leather armour
rNeg   . . .     SustAb   .     (no shield)
rPois  +         Gourm    .     (no helmet)
rElec  .         Spirit   .     h - +1 cloak
rCorr  .         Warding  .     r - +0 pair of gloves
rMut   .         Stasis   .     (no boots)
MR     +....                    z - amulet of clarity {Clar, !d}
Stlth  +.........               n - ring of protection from magic {MR+, !d}
                                i - ring of poison resistance {rPois, !d}

@: mighty, somewhat resistant to hostile enchantments, very unstealthy
A: molten scales 2, powered by pain 2
a: Renounce Religion


You were in a bailey.
You worshipped Xom.
You were a beloved toy of Xom.
You were not hungry.

You visited 1 branch of the dungeon, and saw 8 of its levels.
You also visited: Bailey.

You collected 402 gold pieces.
You spent 337 gold pieces at shops.

Inventory:

Hand weapons
 b - a +0 blowgun
   (You took it off a kobold on level 4 of the Dungeon)
Missiles
 f - 23 poisoned needles
 m - 6 curare-tipped needles
 A - a throwing net {=f, !d}
Armour
 a - a +2 leather armour (worn)
 h - a +1 cloak (worn)
   (You found it on level 1 of the Dungeon)
 r - a +0 pair of gloves (worn)
   (You found it on level 2 of the Dungeon)
Jewellery
 i - a ring of poison resistance (left hand) {rPois, !d}
   (You found it on level 1 of the Dungeon)
 n - a ring of protection from magic (right hand) {MR+, !d}
   (You found it on level 4 of the Dungeon)
 x - an uncursed amulet of rage {unknown}
   (You found it on level 5 of the Dungeon)
 z - an amulet of clarity (around neck) {Clar, !d}
   (You took it off an orc on level 4 of the Dungeon)
Magical devices
 u - a wand of polymorph (0)
   (Xom gifted it to you on level 8 of the Dungeon)
Scrolls
 j - a scroll of identify
 k - a scroll of enchant armour
 o - 2 scrolls of remove curse
 v - 2 scrolls of teleportation
 y - 2 scrolls of amnesia
Potions
 d - a potion of restore abilities
 t - a potion of resistance
 G - a potion of mutation {!q}
Books
 q - a book of Battle
   (You found it on level 2 of the Dungeon)
 w - a book of the Earth
   (You found it on level 5 of the Dungeon)
Comestibles
 c - 10 fruits
 g - 6 bread rations {@e1}
 l - a meat ration {@e2}


   Skills:
 - Level 3.0 Fighting
 - Level 1.7 Armour
 - Level 4.0 Dodging
 + Level 11.8 Unarmed Combat


You had 2 spell levels left.
You knew the following spells:

 Your Spells              Type           Power        Failure   Level  Hunger
a - Statue Form           Trmt/Erth      #........    100%        6    #######


Dungeon Overview and Level Annotations

Branches:
Dungeon (8/15)             Temple (0/1) D:5
   Lair: D:8-11

Altars:
Fedhas
Sif Muna

Shops:
D:4 %   D:7 ?


Innate Abilities, Weirdness & Mutations

You are mostly covered in molten scales (AC +3, EV -1).
You sometimes gain power by taking damage.


Message History

The orc hits you from afar with a halberd.
The orc closely misses you. The orc barely misses you.
The giant gecko barely misses you.
You take 2 damage, and have 42/63 hp.
The orc warrior looks more healthy.
The orc hits you but does no damage. The orc closely misses you.
The orc warrior barely misses you. The orc closely misses you. x2
The orc barely misses you.
You see here a war axe.
Unknown command.
You punch the orc!
You kill the orc!
The orc closely misses you. The giant gecko barely misses you.
The orc misses you. The orc warrior closely misses you.
The orc hits you but does no damage.
The orc hits you from afar with a trident.
The orc misses you. The orc barely misses you.
The orc warrior closely misses you. The orc misses you.
You see here a halberd.
You take 1 damage, and have 42/63 hp.
You punch the orc warrior! The orc hits you but does no damage.
The orc hits you but does no damage. The giant gecko bites you.
The orc barely misses you.
You take 2 damage, and have 40/63 hp.
You pummel the orc warrior!!
You kill the orc warrior!
The orc hits you but does no damage. The orc closely misses you.
The giant gecko closely misses you. The orc barely misses you.
The orc hits you with a trident. The orc barely misses you.
You take 5 damage, and have 35/63 hp.
Unknown command.
You barely miss the orc. The giant gecko bites you. The orc closely misses you.
The orc hits you from afar with a trident!
The orc hits you from afar with a halberd.
The orc barely misses you. The orc misses you.
You take 14 damage, and have 21/63 hp.
MASSIVE DAMAGE!!
You closely miss the orc.
The orc hits you from afar with a trident.
The giant gecko closely misses you. The orc barely misses you.
The orc closely misses you.
You take 2 damage, and have 19/63 hp.
Unknown command.
You completely miss the orc. The orc misses you. The orc misses you.
The orc barely misses you. The giant gecko bites you.
* * * LOW HITPOINT WARNING * * *
The orc barely misses you.
You take 1 damage, and have 18/63 hp.
Unknown command.
Drink which item? (? for menu, Esc to quit)
You feel better. The orc closely misses you.
The orc hits you from afar with a trident.
The giant gecko barely misses you. The orc completely misses you.
The orc hits you but does no damage. The orc hits you with a trident.
The orc hits you but does no damage.
You regained 3 hp, and now have 21/63 hp.
You closely miss the orc.
The giant gecko bites you but does no damage.
The orc hits you from afar with a trident.
* * * LOW HITPOINT WARNING * * *
The orc barely misses you.
You take 5 damage, and have 16/63 hp.
Unknown command.
You closely miss the orc. The orc closely misses you.
The orc barely misses you. x2
The giant gecko bites you but does no damage.
The orc hits you but does no damage. The orc closely misses you.
The orc closely misses you.
Unknown command.
You punch the orc!
You kill the orc!
The giant gecko closely misses you.
The orc hits you from afar with a trident.
* * * LOW HITPOINT WARNING * * *
The orc closely misses you. The orc hits you but does no damage.
You take 5 damage, and have 11/63 hp.
Unknown command.
The orc hits you but does no damage. The orc barely misses you.
Okay, then.
Read which item? (? for menu, Esc to quit)
Okay, then.
Drink which item? (? for menu, Esc to quit)
It was a potion of cure mutation.
It has a very clean taste.
You regain control of your magic.
The orc barely misses you. The giant gecko closely misses you.
The orc hits you from afar with a trident.
* * * LOW HITPOINT WARNING * * *
The orc misses you.
You take 2 damage, and have 9/63 hp.
Drink which item? (? for menu, Esc to quit)
It was a potion of magic.
Magic courses through your body. The orc closely misses you.
The giant gecko bites you but does no damage.
The orc barely misses you. The orc closely misses you.
The orc barely misses you.
The giant gecko bites you but does no damage.
There is a gate leading back out of this place here.
The orc hits you from afar with a trident!
You die... "Huh?
Did I miss anything?"

###########
##.@........
#..l........
#.ooo..)..(.
#∩)oo....(..
#)..........
#.)........
##.∩.......
##########


You could see 5 orcs and a giant gecko.

Vanquished Creatures
  2 orc warriors
  An ice beast (D:6)
  A phantom (D:5)
  10 centaurs
  2 ogres
  3 giant frogs
  3 scorpions
  A goliath beetle (D:4)
  4 jellies (D:6)
  A quasit (D:5)
  A giant frog zombie (D:6)
  2 crimson imps
  2 hounds (D:2)
  A centaur skeleton (D:6)
  2 orc priests
  6 worker ants
  4 gnoll shamans
  An iguana (D:6)
  6 orc wizards
  A hound zombie (D:5)
  A hound skeleton (D:7)
  4 adders
  34 gnolls
  A shadow imp (D:6)
  An adder zombie (D:6)
  2 oozes
  An adder skeleton (D:4)
  2 worms
  7 giant geckos
  28 orcs
  3 ball pythons
  3 bat skeletons
  3 bat zombies (D:2)
  7 giant cockroaches
  15 goblins
  16 hobgoblins
  32 jackals
  13 kobolds
  3 quokkas
  3 ball python skeletons (D:2)
  11 bats
  7 giant newts
  3 jackal skeletons
  A jackal zombie (D:3)
  2 quokka skeletons (D:5)
  13 rats
270 creatures vanquished.

Vanquished Creatures (collateral kills)
  A jackal (D:3)
1 creature vanquished.

Vanquished Creatures (others)
  An ogre (D:7)
  A crimson imp (D:6)
  A quasit (D:2)
  An orc (D:5)
  A bat (D:6)
5 creatures vanquished.

Grand Total: 276 creatures vanquished

Notes
Turn   | Place    | Note
--------------------------------------------------------------
     0 | D:1      | RobertPalmer, the Demonspawn Chaos Knight, began the quest for the Orb.
     0 | D:1      | Reached XP level 1. HP: 18/18 MP: 1/1
    36 | D:1      | XOM: harmless Divn miscast
    97 | D:1      | Reached skill level 3 in Unarmed Combat
   242 | D:1      | XOM: silly message
   254 | D:1      | Gained mutation: You sometimes gain a little power by taking damage. [demonic ancestry]
   254 | D:1      | Reached XP level 2. HP: 21/24 MP: 2/2
   282 | D:1      | XOM: harmless Divn miscast
   344 | D:1      | XOM: harmless Chrm miscast
   739 | D:1      | XOM: harmless Hex miscast
   922 | D:1      | XOM: silly message
  1186 | D:2      | Reached XP level 3. HP: 24/29 MP: 3/3
  1271 | D:2      | Reached skill level 4 in Unarmed Combat
  1431 | D:2      | XOM: divination: magic mapping
  1550 | D:2      | XOM: harmless Hex miscast
  1665 | D:2      | Reached XP level 4. HP: 35/35 MP: 4/4
  1678 | D:2      | XOM: divination: magic mapping
  1882 | D:2      | XOM: butterfly on damage
  1883 | D:2      | XOM: mild Pois miscast
  1982 | D:2      | Reached skill level 5 in Unarmed Combat
  2149 | D:2      | Reached XP level 5. HP: 28/41 MP: 5/5
  2257 | D:2      | XOM: colour smoke trail
  2326 | D:2      | Noticed a centaur
  2327 | D:2      | XOM: summons friendly quasit
  2351 | D:2      | HP: 7/41 [centaur (6)]
  2352 | D:2      | Killed a centaur
  2669 | D:2      | XOM: colour smoke trail
  2695 | D:3      | You fall through a shaft for 2 floors!
  2695 | D:5      | Entered Level 5 of the Dungeon
  2842 | D:5      | Found a staircase to the Ecumenical Temple.
  2870 | D:5      | XOM: divination: detect items
  3016 | D:4      | Found Binunaos's Food Boutique.
  3034 | D:4      | XOM: colour smoke trail
  3284 | D:4      | Reached skill level 6 in Unarmed Combat
  3285 | D:4      | XOM: medium Ice miscast
  3396 | D:4      | XOM: 5-stop teleportation journey
  3455 | D:4      | XOM: chaos cloud
  3579 | D:3      | Gained mutation: You are partially covered in molten scales (AC +1). [demonic ancestry]
  3579 | D:3      | Reached XP level 6. HP: 30/47 MP: 6/6
  3947 | D:3      | XOM: confusion (+ monsters)
  4020 | D:3      | You fall through a shaft for 2 floors!
  4129 | D:5      | Noticed a centaur
  4130 | D:5      | Noticed a centaur
  4131 | D:5      | XOM: 3-stop teleportation journey
  4350 | D:5      | XOM: enchant monster (bad)
  4356 | D:5      | XOM: noise
  4360 | D:5      | XOM: potion effect (invisibility)
  4368 | D:5      | Killed a centaur
  4368 | D:5      | Reached skill level 7 in Unarmed Combat
  4394 | D:5      | XOM: potion effect (berserk rage)
  4400 | D:5      | Gained mutation: You are mostly covered in molten scales (AC +3, EV -1). [demonic ancestry]
  4400 | D:5      | Reached XP level 7. HP: 52/52 MP: 7/7
  4715 | D:4      | XOM: silly message
  4819 | D:4      | XOM: potion effect (agility)
  5007 | D:4      | Reached skill level 1 in Dodging
  5021 | D:4      | XOM: colour smoke trail
  5026 | D:4      | Found a blossoming altar of Fedhas.
  5218 | D:4      | Reached skill level 2 in Dodging
  5393 | D:4      | XOM: mild Necr miscast
  5670 | D:4      | Reached skill level 3 in Dodging
  5883 | D:4      | XOM: enchant monster (good)
  5930 | D:4      | Reached skill level 4 in Dodging
  5930 | D:4      | Reached XP level 8. HP: 54/58 MP: 8/8
  5985 | D:4      | Reached skill level 8 in Unarmed Combat
  6053 | D:4      | Noticed an ogre
  6079 | D:4      | an ogre changed into a goliath beetle
  6079 | D:4      | XOM: polymorph ogre -> goliath beetle
  6083 | D:4      | XOM: enchant monster (bad)
  6423 | D:4      | XOM: enchant monster (good)
  6470 | D:6      | Gained mutation: Your body is slowly deteriorating. [potion of mutation]
  6470 | D:6      | Lost mutation: Your body is slowly deteriorating. [potion of mutation]
  6470 | D:6      | Gained mutation: Your spells are a little harder to cast, but a little more powerful. [potion of mutation]
  6683 | D:6      | Reached skill level 9 in Unarmed Combat
  6698 | D:6      | XOM: divine lightning (protected)
  6721 | D:6      | XOM: divination: detect creatures
  6728 | D:6      | XOM: mild Divn miscast
  6742 | D:6      | XOM: confuse monster(s)
  7157 | D:6      | XOM: summons friendly crimson imp
  7197 | D:6      | XOM: enchant monster (bad)
  7201 | D:6      | XOM: repel stairs
  7209 | D:6      | XOM: harmless Air miscast
  7227 | D:5      | HP: 11/58 [centaur/arrow (9)]
  7429 | D:5      | XOM: god gift: beef jerky
  7458 | D:6      | XOM: noise
  7688 | D:6      | Reached skill level 10 in Unarmed Combat
  7718 | D:6      | XOM: torment (17/58 hp)
  7937 | D:6      | Gained mutation: You sometimes gain power by taking damage. [demonic ancestry]
  7937 | D:6      | Reached XP level 9. HP: 41/63 MP: 9/9
  7998 | D:6      | XOM: vitrification
  8269 | D:6      | XOM: vitrification
  8427 | D:6      | XOM: silly message
  8710 | D:6      | Upgraded the game from 0.17-a0-755-g4391640 to 0.17-a0-764-gd40c196
  8720 | D:6      | Reached skill level 11 in Unarmed Combat
  8828 | D:6      | XOM: harmless Ice miscast
  9188 | D:6      | XOM: harmless Summ miscast
  9584 | D:7      | Found Vam Mee's Magic Scroll Shop.
  9718 | D:7      | XOM: potion effect (haste)
  9731 | D:7      | XOM: divination: detect creatures
  9837 | D:7      | Bought a scroll of identify for 26 gold pieces
  9837 | D:7      | Bought a scroll of blinking for 97 gold pieces
  9837 | D:7      | Bought a scroll of blinking for 97 gold pieces
  9837 | D:7      | Bought a scroll of teleportation for 39 gold pieces
  9837 | D:7      | Bought 2 scrolls of teleportation for 78 gold pieces
  9970 | D:7      | XOM: harmless Necr miscast
  9999 | D:7      | Learned a level 6 spell: Statue Form
 10015 | D:7      | Found a deep blue altar of Sif Muna.
 10228 | D:7      | XOM: harmless Chrm miscast
 10241 | D:7      | XOM: enchant monster (bad)
 10322 | D:7      | XOM: enchant monster (good)
 10339 | D:7      | XOM: chaos cloud
 10401 | D:7      | XOM: enchant monster (bad)
 10430 | D:6      | XOM: summons 2 hostile shadow creatures
 10435 | D:6      | HP: 5/63 [orc warrior/flail[Xom] (14)]
 10523 | D:5      | XOM: colour smoke trail
 10794 | D:7      | XOM: vitrification
 10823 | D:7      | XOM: enchant monster (bad)
 10953 | D:6      | XOM: vitrification
 11012 | D:7      | XOM: potion effect (brilliance)
 11047 | D:8      | XOM: god gift: brass wand {god gift}
 11054 | D:8      | Found a flagged portal.
 11074 | Bailey   | Entered a bailey
 11353 | Bailey   | XOM: potion effect (curing)
 11369 | Bailey   | HP: 11/63 [orc/trident (5)]
 11371 | Bailey   | Lost mutation: Your spells are a little harder to cast, but a little more powerful. [potion of cure mutation]
 11375 | Bailey   | Slain by an orc

Action                   |  1- 3 |  4- 6 |  7- 9 || total
-------------------------+-------+-------+-------++-------
Melee: Unarmed           |   169 |   272 |   595 ||  1036
 Fire: Blowgun           |       |     4 |    49 ||    53
Throw: Throwing net      |       |       |     4 ||     4
Evoke: Wand              |       |       |     5 ||     5
  Use: Scroll            |     3 |     5 |    16 ||    24
       Potion            |       |     5 |     9 ||    14
 Stab: Sleeping          |     1 |       |       ||     1
       Invisible         |       |     6 |       ||     6
       Confused          |       |     1 |     1 ||     2
       Held in net/web   |       |       |     2 ||     2
  Eat: Chunk             |     1 |    10 |    18 ||    29
       Fruit             |       |     1 |     1 ||     2
       Beef jerky        |       |       |     2 ||     2
       Pizza             |       |       |     1 ||     1

Vault maps used:
D:1:      matt_arrival_refuge, minmay_crystal_water, kennysheep_small_spiral,
          minmay_misc_feat_alley
D:2:      serial_undead, serial_undead_b, serial_undead_c, serial_undead_d,
          serial_undead_a, serial_undead_d, serial_undead_c, serial_undead_c,
          serial_undead_b, serial_undead_b, serial_undead_a,
          cheibrodos_gnoll_hut
D:3:      kennysheep_goblin_castle
D:4:      lemuel_castle_with_subvaults, serial_shops, nicolae_shop_statue_plus,
          fedhas_altar_fruit_tree
D:5:      minmay_temple_entry_statues_fountains, first_bread
D:6:      wad_river_or_something, centaur_isle
D:7:      lemuel_doored_altar, serial_shops, shop
D:8:      gammafunk_temple_overflow_elements, nicolae_overflow_hidden_temple,
          enter_bailey_7, uniq_psyche
Bailey:   bailey_polearm_5, bailey

Table legend:
 A = Turns spent in this place as a percentage of turns spent in the entire game.
 B = Non-inter-level travel turns spent in this place as a percentage of non-inter-level travel turns spent in the entire game.
 C = Inter-level travel turns spent in this place as a percentage of turns spent in this place.
 D = Turns resting spent in this place as a percentage of non-inter-level travel turns spent in this place.
 E = Turns spent auto-exploring this place as a percentage of non-inter-level travel turns spent in this place.
 F = Non-inter-level travel turns spent in this place divided by the number of levels of this place that you've seen.
                   A       B       C       D       E      F
               +-------+-------+-------+-------+-------+----------------------
         Total | 100.0 | 100.0 |   0.4 |   3.0 |   6.1 | 499.1
       Dungeon |  98.8 |  98.8 |   0.4 |   2.9 |   6.1 | 554.8
        Bailey |   1.2 |   1.2 |   0.0 |   9.3 |   0.0 |  54.0
               +-------+-------+-------+-------+-------+----------------------

Table legend:
 A = Kills in this place as a percentage of kills in entire the game.
 B = Kills by you in this place as a percentage of kills by you in the entire game.
 C = Kills by friends in this place as a percentage of kills by friends in the entire game.
 D = Other kills in this place as a percentage of other kills in the entire game.
 E = Experience gained in this place as a percentage of experience gained in the entire game.
 F = Experience gained in this place divided by the number of levels of this place that you have seen.
                   A       B       C       D       E      F
               +-------+-------+-------+-------+-------+----------------------
         Total | 100.0 | 100.0 | 100.0 |  -nan | 100.0 | 501.0
       Dungeon |  97.8 |  97.8 | 100.0 |  -nan |  96.7 | 545.1
        Bailey |   2.2 |   2.2 |   0.0 |  -nan |   3.3 | 148.0
               +-------+-------+-------+-------+-------+----------------------
